Map: Dusk Towers

Players

LilDicky

  • Race: Terran Terran
  • League: Diamond

CptKillakan - Winner!

  • Race: Protoss Protoss
  • League: Diamond

VOD

http://www.twitch.tv/tumescentpie

Description

Time

  • Played on: Nov. 23, 2015, 11:42 p.m.
  • Length: 17:40
Show
View Real Time Build Order
Export as new Build Order

LilDicky Terran 

Build Orders: MMM Bio 

Get SALT Encoding   

  12  0:02  SCV  
  13  0:14  SCV  
  14  0:18  Supply Depot  
  14  0:26  SCV  
  15  0:30  Refinery  
  15  0:39  SCV  
  16  0:45  Barracks  
  16  0:51  SCV  
  17  1:03  SCV  
  18  1:16  SCV  
  19  1:28  SCV  
  19  1:29  Supply Depot  
  20  1:35  Marine  
  21  1:40  Orbital Command  
  21  1:46  Factory  
  21  1:54  Marine  
  22  2:03  Barracks x2  
  22  2:13  Barracks Reactor, SCV  
  23  2:19  Supply Depot  
  23  2:25  SCV  
  24  2:38  SCV  
  27  2:50  SCV, Refinery  
  28  2:52  Barracks Tech Lab  
  28  2:53  Barracks Tech Lab, Marine x2  
  30  3:02  SCV  
  30  3:04  Starport  
  31  3:10  Marine  
  30  3:13  Marine x3  
  30  3:14  SCV  
  34  3:21  Stimpack  
  33  3:28  Marine  
  33  3:31  Marine x2  
  33  3:34  SCV  
  37  3:40  Supply Depot, Combat Shields  
  37  3:41  Marine  
  38  3:46  Marine  
  39  3:53  Supply Depot  
  39  4:01  Medivac, Marine  
  39  4:02  Marauder  
  45  4:04  Marine  
  47  4:12  Marauder  
  47  4:19  Marine  
  47  4:22  Marine  
  47  4:24  Marauder  
  51  4:25  SCV  
  52  4:34  Marauder  
  52  4:36  Marine  
  55  4:45  Supply Depot  
  55  4:50  Starport Reactor  
  55  4:51  Supply Depot  
  55  4:59  Concussive Shells  
  55  5:07  Marauder, Marine x3  
  55  5:13  SCV  
  60  5:24  Marine x3  
  60  5:26  Medivac  
  60  5:28  Marine  
  65  5:29  Medivac  
  65  5:42  Marine x3  
  63  5:46  Marauder  
  63  5:48  Liberator  
  53  6:01  Marine x3  
  53  6:03  SCV  
  55  6:08  Marauder  
  60  6:15  SCV  
  61  6:19  Command Center, Marine x2  
  63  6:32  Liberator  
  62  6:34  Marine x2  
  61  6:50  Marine x2  
  61  6:52  Marauder x2  
  68  7:07  Marine x2  
  64  7:32  Marine x2  
  64  7:33  Marauder  
  49  7:52  Marine x3  
  49  7:54  Marauder  
  50  8:10  SCV, Marine x2  
  54  8:24  Orbital Command  
  54  8:25  Marine  
  52  8:36  Orbital Command  
  52  8:40  Refinery x2  
  52  8:43  Marine x3  
  55  8:55  Liberator  
  51  8:58  Marine  
  51  9:01  Marauder, Marine x2  
  41  9:14  SCV  
  41  9:16  Marine  
  45  9:19  Marine  
  46  9:25  Marine  
  46  9:27  SCV  
  46  9:30  SCV  
  49  9:32  Marine  
  49  9:34  Marine  
  49  9:37  Medivac  
  53  9:39  SCV  
  53  9:41  Liberator  
  53  9:42  SCV  
  55  9:47  Command Center  
  55  9:48  Marine  
  55  9:49  Marine  
  55  9:52  SCV  
  58  9:57  Marine x2  
  63  10:00  SCV  
  63  10:04  SCV  
  65  10:07  Marine  
  58  10:15  Marauder x2  
  61  10:22  Liberator  
  61  10:24  Liberator  
  61  10:27  Marine x2  
  63  10:36  Marine  
  63  10:38  Marine  
  63  10:40  SCV x2  
  73  10:45  Marine  
  73  10:48  Engineering Bay  
  74  10:51  Engineering Bay  
  74  10:52  SCV  
  74  10:53  Marine  
  74  10:54  Supply Depot, Marine  
  74  10:56  Refinery, Marine  
  74  10:57  Refinery  
  78  11:05  SCV  
  78  11:06  SCV, Factory  
  78  11:10  Marine  
  78  11:11  Marine  
  82  11:12  Marauder  
  82  11:14  Marauder  
  82  11:17  SCV  
  82  11:18  SCV  
  88  11:28  Marine x2  
  88  11:29  SCV  
  88  11:30  SCV  
  92  11:33  Marine  
  92  11:35  Orbital Command, Marine  
  94  11:40  Missile Turret  
  94  11:41  SCV  
  94  11:42  SCV  
  94  11:46  Terran Infantry Weapons Level 1, Terran Infantry Armor Level 1, Marine x2  
  98  11:51  Armory, Factory Reactor  
  98  11:53  SCV  
  99  11:57  SCV  
  99  11:59  Marine x2  
  99  12:01  Missile Turret  
  102  12:05  SCV x2, Missile Turret  
  102  12:06  Missile Turret  
  104  12:09  SCV  
  104  12:10  Marine x2  
  107  12:17  SCV  
  107  12:18  SCV  
  109  12:30  SCV  
  95  12:52  Missile Turret  
  95  12:53  SCV  
  95  13:04  Missile Turret  
  93  13:13  SCV x2  
  93  13:18  Missile Turret  
  95  13:20  Medivac x2  
  95  13:21  SCV  
  95  13:25  SCV  
  101  13:30  SCV  
  101  13:33  SCV, Marine x2  
  101  13:34  Missile Turret, Marauder x2  
  109  13:35  Missile Turret  
  109  13:36  Missile Turret  
  109  13:37  Missile Turret  
  109  13:42  Missile Turret  
  109  13:43  Missile Turret x2  
  109  13:48  Barracks  
  109  13:49  Barracks x2  
  109  13:50  Missile Turret  
  109  13:58  Marauder, Medivac, Marine x2  
  109  14:01  Missile Turret  
  109  14:02  Missile Turret  
  115  14:08  Missile Turret  
  115  14:11  Widow Mine  
  115  14:12  Supply Depot  
  117  14:18  Supply Depot x2  
  117  14:25  Terran Infantry Weapons Level 2  
  117  14:33  Widow Mine  
  119  14:40  Sensor Tower  
  119  14:45  Orbital Command  
  95  15:22  Marine x3  
  95  15:37  Marine x2  
  95  15:38  Marine  
  96  15:45  Marine x2  
  93  15:59  Liberator  
  93  16:00  Liberator  
  83  16:17  Marine x2  
  88  16:45  Orbital Command  
  88  16:46  SCV  
  89  16:47  SCV, Marine x6  
  89  16:48  Marine  
  96  16:56  Command Center  
  96  17:04  Marine  
  96  17:05  Marine  
  98  17:13  Marine x4  
  98  17:14  Marine  
  103  17:17  SCV x2  
Show
View Real Time Build Order
Export as new Build Order

CptKillakan Protoss - Winner!

Build Orders:  

Get SALT Encoding   

  12  0:02  Probe (Chrono Boost)  
  13  0:13  Pylon  
  13  0:19  Probe (Chrono Boost)  
  14  0:29  Probe (Chrono Boost)  
  14  0:34  Gateway  
  15  0:40  Probe (Chrono Boost)  
  16  0:49  Assimilator  
  16  0:50  Probe (Chrono Boost)  
  17  1:01  Probe (Chrono Boost)  
  18  1:08  Pylon  
  19  1:11  Probe (Chrono Boost)  
  19  1:21  Cybernetics Core  
  19  1:22  Probe (Chrono Boost)  
  20  1:32  Probe (Chrono Boost)  
  21  1:49  Nexus  
  21  1:54  Assimilator  
  21  2:00  Mothership Core (Chrono Boost)  
  23  2:09  Adept  
  25  2:19  Probe (Chrono Boost)  
  25  2:21  Pylon  
  26  2:29  Probe (Chrono Boost)  
  27  2:36  Robotics Facility  
  27  2:47  Adept  
  29  2:57  Probe (Chrono Boost)  
  30  3:11  Probe (Chrono Boost)  
  31  3:14  Probe (Chrono Boost)  
  32  3:25  Probe x2 (Chrono Boost)  
  32  3:26  Observer  
  35  3:35  Probe x2 (Chrono Boost)  
  35  3:39  Warp Gate (Chrono Boost)  
  37  3:41  Adept  
  37  3:47  Probe x2  
  40  3:50  Observer  
  42  3:57  Probe  
  42  3:59  Probe  
  44  4:08  Probe  
  45  4:15  Pylon  
  45  4:17  Gateway  
  45  4:19  Gateway  
  45  4:26  Immortal  
  45  4:28  Probe  
  45  4:29  Adept  
  52  4:37  Probe  
  52  4:40  Probe, Forge  
  52  4:43  Pylon  
  54  4:54  Pylon  
  54  5:00  Probe  
  54  5:01  Probe  
  56  5:17  Immortal  
  61  5:34  Adept x2  
  62  6:03  Pylon  
  62  6:04  Pylon  
  62  6:05  Pylon  
  62  6:08  Pylon, Photon Cannon  
  62  6:09  Assimilator  
  62  6:10  Twilight Council  
  62  6:13  Photon Cannon  
  62  6:17  Assimilator  
  62  6:20  Probe  
  62  6:21  Pylon  
  62  6:22  Probe, Pylon  
  64  6:27  Adept  
  66  6:34  Probe  
  66  6:38  Photon Cannon  
  67  6:41  Photon Cannon  
  67  6:44  Photon Cannon  
  67  6:53  Probe  
  63  6:54  Probe  
  63  6:58  Stalker x3  
  71  7:03  Probe  
  71  7:06  Probe  
  73  7:08  Immortal  
  73  7:14  Probe  
  77  7:18  Probe  
  77  7:22  Photon Cannon  
  79  7:24  Probe  
  79  7:25  Photon Cannon  
  78  7:36  Pylon  
  78  7:37  Gateway, Pylon  
  78  7:39  Pylon  
  78  7:40  Gateway  
  78  7:41  Gateway  
  74  7:54  Probe  
  75  8:09  Stalker x3  
  76  8:14  Probe  
  76  8:16  Probe  
  78  8:24  Photon Cannon  
  78  8:29  Protoss Ground Armor Level 1 (Chrono Boost)  
  78  8:30  Resonating Glaives (Chrono Boost), Photon Cannon  
  78  8:31  Photon Cannon  
  78  8:36  Warp Prism  
  78  8:40  Stalker x3  
  86  8:43  Probe  
  86  8:44  Probe  
  82  9:09  Adept  
  78  9:10  Adept x5  
  88  9:27  Nexus  
  88  9:28  Pylon  
  88  9:31  Pylon  
  88  9:32  Dark Shrine  
  88  9:35  Pylon  
  88  9:36  Templar Archives  
  88  9:38  Probe, Pylon  
  88  9:39  Probe  
  89  10:09  Blink (Chrono Boost)  
  87  10:21  Adept x6  
  85  10:25  Immortal  
  85  10:26  Probe  
  85  10:28  Probe  
  99  10:29  Gateway  
  99  10:30  Gateway  
  99  10:39  Probe  
  99  10:40  Probe  
  99  10:41  Probe  
  100  10:49  High Templar x6  
  112  10:50  Probe  
  112  10:53  Probe, Archon x3  
  114  10:59  Probe  
  114  11:00  Probe  
  116  11:04  Warp Prism (Chrono Boost)  
  116  11:07  Assimilator  
  118  11:11  Assimilator  
  118  11:28  Nexus  
  118  11:30  Pylon, High Templar x4  
  118  11:32  Dark Templar, Pylon  
  128  11:34  Archon x2  
  128  11:39  Protoss Ground Armor Level 2  
  128  11:42  Dark Templar  
  130  11:52  Zealot x2  
  134  12:37  Immortal  
  138  12:47  Zealot x7  
  138  12:48  Zealot  
  152  13:02  Charge (Chrono Boost)  
  152  13:15  Zealot x2  
  152  13:16  Zealot x6  
  166  13:32  Pylon  
  166  13:34  Pylon  
  166  13:37  Gateway  
  166  13:38  Gateway  
  166  13:40  Gateway  
  166  13:44  Zealot x3  
  172  13:50  Psionic Storm  
  172  13:57  Assimilator  
  172  14:00  Robotics Bay  
  172  14:01  Zealot x5  
  182  14:02  Assimilator  
  182  14:03  Pylon  
  182  14:04  Pylon  
  182  14:09  Dark Templar x3  
  187  14:38  Stalker x3  
  187  14:39  Stalker x2  
  187  14:42  Stalker  
  199  14:52  Dark Templar x3  
  199  14:58  Probe x3  
  199  14:59  Probe  
  190  15:09  Probe x3  
  190  15:11  Dark Shrine  
  190  15:12  Probe  
  194  15:19  Probe x2  
  196  15:55  Probe  
  196  15:57  Probe  
  196  16:00  Probe x2  
  194  16:06  Probe  
  194  16:09  Probe  
  194  16:11  Probe x2  
  192  16:19  Pylon  
  192  16:21  Probe x2  
  194  16:31  Nexus  
  194  16:33  Pylon  
  194  16:35  Pylon  
  194  16:52  Dark Templar x3  
Tags
 
Add a new tag
Caveats
  • Supply blocks, unpowered buildings, or Contaminate may cause inaccurate times.
  • Supply counts are checked every 10 seconds.